 Dungeon Crawl Stone Soup version 0.22-a0-38-gc6ec8ce517 (webtiles) character file.

25588 NixNut the Fighter (level 12, -8/106 HPs)
             Began as a Demonspawn Berserker on Jan 4, 2018.
             Was a High Priest of Trog.
             Mangled by Agnes
             ... wielding a +2 lajatang of speed
              (26 damage)
             ... on level 14 of the Dungeon.
             The game lasted 00:45:20 (15080 turns).

NixNut the Fighter (Demonspawn Berserker)          Turns: 15080, Time: 00:45:20

Health: -8/106     AC: 15    Str: 27    XL:     12   Next: 90%
Magic:  8/8        EV:  9    Int: 10    God:    Trog [*****.]
Gold:   667        SH:  3    Dex: 16    Spells: 11/11 levels left

rFire    . . .     SeeInvis +   R - +5 great sword (antimagic)
rCold    x . .     Gourm    .   (shield currently unavailable)
rNeg     + + .     Faith    .   m - +0 plate armour
rPois    .         Spirit   .   (no helmet)
rElec    .         Reflect  +   u - +0 cloak
rCorr    .         Harm     .   s - +0 pair of gloves
MR       +....                  (boots unavailable)
Stlth    ..........             o - +3 amulet of reflection
HPRegen  0.27/turn              E - ring of see invisible
MPRegen  0.11/turn              b - ring "Orgheex" {rC- rN++ MR+ MP+9 Slay+3}

@: mighty, berserk cooldown, slowed, very slow
A: hooves 3, thin skeletal structure 2, spiny 1
a: Berserk, Trog's Hand, Brothers in Arms, Burn Spellbooks, Renounce Religion


You were on level 14 of the Dungeon.
You worshipped Trog.
Trog was extremely pleased with you.
You were very hungry.

You visited 1 branch of the dungeon, and saw 14 of its levels.

You collected 785 gold pieces.
You spent 118 gold pieces at shops.

Inventory:

Hand Weapons
 i - a +2 short sword of protection
 l - a +1 dagger of venom
 t - the +5 mace "Hiurr" {crush, rElec rPois Dex+4 Stlth-}
   (You found it on level 4 of the Dungeon)

   It inflicts extra damage upon your enemies.
   It affects your dexterity (+4).
   It insulates you from electricity.
   It protects you from poison.
   It makes you less stealthy.
 K - a +1 falchion of electrocution
 N - a +4 longbow of flaming
 R - a +5 antimagic great sword (weapon)
Missiles
 G - 3 javelins of penetration
 P - 4 silver tomahawks
 S - 4 poisoned javelins
 T - 2 throwing nets (quivered)
Armour
 m - a +0 plate armour (worn)
 r - +0 acid dragon scales
 s - a +0 pair of gloves (worn)
 u - a +0 cloak (worn)
Jewellery
 b - the ring "Orgheex" (right hand) {rC- rN++ MR+ MP+9 Slay+3}
   (You took it off a centaur on level 13 of the Dungeon)

   [ring of magical power]

   It affects your accuracy and damage with ranged weapons and melee attacks
   (+3).
   It makes you vulnerable to cold.
   It greatly protects you from negative energy.
   It affects your resistance to hostile enchantments.
   It affects your magic capacity (+9).
 o - a +3 amulet of reflection (around neck)
 E - a ring of see invisible (left hand)
Wands
 a - a wand of enslavement (11)
 y - a wand of polymorph (5)
 A - a wand of flame (49)
 I - a wand of disintegration (18)
 O - a wand of iceblast (7)
Scrolls
 f - 4 scrolls of teleportation
 g - 10 scrolls of remove curse
 h - 2 scrolls of fear {unknown}
 n - 2 scrolls of blinking {unknown}
 p - a scroll of amnesia {unknown}
 q - 3 scrolls of magic mapping
 w - 5 scrolls of enchant armour {unknown}
 D - 4 scrolls of enchant weapon {unknown}
 H - a scroll of vulnerability {unknown}
 J - 2 scrolls of noise {unknown}
 L - a scroll of torment {unknown}
 Q - a scroll of immolation {unknown}
 V - 2 scrolls of random uselessness {unknown}
Potions
 e - 3 potions of degeneration
 j - 2 potions of ambrosia {unknown}
 k - 4 potions of agility
 v - a potion of mutation {unknown}
 x - a potion of berserk rage {unknown}
 z - 3 potions of brilliance
 B - a potion of cancellation {unknown}
 F - a potion of curing
 M - a potion of lignification {unknown}
 U - a potion of magic {unknown}
Books
 C - a book of Power

   Spells                             Type                      Level
   a - Iskenderun's Battlesphere      Conjuration/Charms           5
   b - Venom Bolt                     Conjuration/Poison           5
   c - Bolt of Magma                  Conjuration/Fire/Earth       5
   d - Iron Shot                      Conjuration/Earth            6
   e - Orb of Destruction             Conjuration                  7
   f - Spellforged Servitor           Conjuration/Summoning        7
   Trog disapproves of the use of such an item.
Comestibles
 c - 24 rations


   Skills:
 * Level 13.7 Fighting
 * Level 13.4 Long Blades
 * Level 6.2 Armour
 + Level 2.9 Dodging
 - Level 5.0 Evocations


You had 11 spell levels left.
You didn't know any spells.

Dungeon Overview and Level Annotations

Branches:
Dungeon (14/15)            Temple (0/1) D:7            Lair (0/6) D:11
    Orc (0/2) D:12
 Vaults: D:13-14

Altars:
Dithmenos
Elyvilon
Gozag
Nemelex Xobeh
Okawaru
Qazlal
Ru
Sif Muna
Trog
Vehumet
Wu Jian
Xom
Yredelemnul
Zin

Shops:
D:5 *   D:6 }   D:7 *

Annotations:
D:14 Agnes


Innate Abilities, Weirdness & Mutations

You have hooves in place of feet.
You have a moderately thin skeletal structure. (Dex +4, Stealth+)
You are partially covered in sharp spines.


Message History

The six-headed hydra is almost dead.
You block the six-headed hydra's attack.
The six-headed hydra bites you but does no damage.
The six-headed hydra bites you.
The six-headed hydra bites you but does no damage.
The six-headed hydra bites you.
You hack one of the six-headed hydra's heads off!
The five-headed hydra grows two more!
You slice the seven-headed hydra!!
You kill the seven-headed hydra!
Trog accepts your kill. Agnes is struck by your spines.
Agnes hits you with a lajatang of speed!!
Agnes is struck by your spines.
Agnes hits you with a lajatang of speed!
* * * LOW HITPOINT WARNING * * *
You feel very mighty all of a sudden.
Agnes hits you with a lajatang of speed!
* * * LOW HITPOINT WARNING * * *
Agnes hits you with a lajatang of speed!!
You die...

.######.#######
#..#### # ##....# #
#..#.# # #..#.###
####### #....#..
#...%.#########.#..##(
#....!........#.)##.
#<#@###########..[..
#i# #.#### #.# #.## #
#.# #..# # #[# ##.###
..# #..## ..## ##.##
.#. #..# ..#. ##.#


You could see Agnes.

Vanquished Creatures
  2 hydras
  2 centaur warriors
  A tengu warrior (D:13)
  3 two-headed ogres
  Urug (D:13)
  Nergalle (D:12)
  2 unseen horrors
  A deep elf archer (D:8)
  A wolf spider zombie (D:12)
  2 ugly things
  2 cyclopes
  A moth of wrath (shapeshifter) (D:14)
  5 centaur zombies
  A gargoyle (D:13)
  2 tengu conjurers
  A troll (D:13)
  A hornet (D:14)
  Prince Ribbit (D:9)
  2 hippogriffs (D:8)
  A shadow (D:14)
  2 vampires
  A spriggan (D:7)
  A wraith (D:13)
  24 yaks
  Grum (D:10)
  3 hungry ghosts
  Edmund (D:6)
  3 vampire mosquitoes (D:14)
  3 wargs (D:11)
  Duvessa (D:4)
  An acid dragon (D:14)
  A water moccasin (D:12)
  A black bear (D:12)
  2 orc warriors
  3 ice beasts
  A sky beast (D:8)
  3 wolves (D:10)
  3 ogres
  2 phantoms
  A necrophage (D:12)
  9 centaurs
  2 crocodiles
  A big kobold (D:8)
  8 bullfrogs
  Blork the orc (D:4)
  Dowan (D:4)
  6 scorpions
  7 killer bees
  4 troll zombies (D:12)
  3 wights (D:10)
  A howler monkey (D:13)
  2 crimson imps
  3 bullfrog zombies
  3 hounds
  Crazy Yiuf (D:4)
  3 centaur skeletons
  7 orc priests
  A jelly (D:13)
  7 iguanas
  15 worker ants
  11 orc wizards
  4 ogre zombies (D:12)
  A bullfrog simulacrum (D:8)
  2 hound skeletons
  A howler monkey zombie (D:6)
  A worker ant zombie (D:5)
  3 gnolls (D:6)
  10 adders
  3 shadow imps
  An ooze (D:5)
  3 adder skeletons
  3 adder zombies (D:6)
  A worm (D:2)
  6 dart slugs
  5 leopard geckos
  50 orcs
  6 bats
  6 giant cockroaches
  11 hobgoblins
  15 kobolds
  A quokka (D:5)
  A ball python (D:3)
  7 frilled lizards
  2 giant cockroach zombies (D:6)
  3 goblins (D:2)
  2 goblin skeletons (D:12)
  A goblin zombie (D:12)
  2 hobgoblin skeletons (D:12)
  3 hobgoblin zombies (D:12)
  A leopard gecko skeleton (D:4)
  2 leopard gecko zombies (D:6)
  2 orc skeletons (D:12)
  15 orc zombies (D:12)
  2 quokka zombies
  5 rats
  A butterfly (D:7)
369 creatures vanquished.

Vanquished Creatures (collateral kills)
  A fire dragon (D:13)
1 creature vanquished.

Vanquished Creatures (others)
  A kobold (D:8)
  A plant (D:11)
2 creatures vanquished.

Grand Total: 372 creatures vanquished

Notes
Turn   | Place    | Note
-------+----------+-------------------------------------------
     0 | D:1      | NixNut the Demonspawn Berserker began the quest for the Orb.
     0 | D:1      | Reached XP level 1. HP: 18/18 MP: 1/1
    67 | D:1      | Gained mutation: You have large cloven feet. [demonic ancestry]
    67 | D:1      | Reached XP level 2. HP: 18/24 MP: 2/2
   971 | D:2      | Gained mutation: You have hoof-like feet. [demonic ancestry]
   971 | D:2      | Reached XP level 3. HP: 29/29 MP: 3/3
  1057 | D:2      | Found a faded altar of an unknown god.
  1213 | D:2      | Reached ** piety under Trog
  1379 | D:2      | Gained mutation: You are partially covered in sharp spines. [demonic ancestry]
  1379 | D:2      | Reached XP level 4. HP: 36/37 MP: 4/4
  1945 | D:3      | Found a basalt altar of Yredelemnul.
  2011 | D:3      | Found a shadowy altar of Dithmenos.
  2303 | D:3      | Reached XP level 5. HP: 42/42 MP: 5/5
  2340 | D:3      | Found a stormy altar of Qazlal.
  2342 | D:3      | Found a radiant altar of Vehumet.
  2345 | D:3      | Found a deep blue altar of Sif Muna.
  2346 | D:3      | Found a white marble altar of Elyvilon.
  2346 | D:3      | Found a sparkling altar of Nemelex Xobeh.
  2346 | D:3      | Found a bloodstained altar of Trog.
  2362 | D:3      | Found a sacrificial altar of Ru.
  2363 | D:3      | Found an ornate altar of the Wu Jian Council.
  2364 | D:3      | Found an opulent altar of Gozag.
  2427 | D:4      | Noticed an ogre
  2432 | D:4      | Killed an ogre
  2432 | D:4      | Reached skill level 5 in Long Blades
  2495 | D:4      | Gained mutation: You have a somewhat thin skeletal structure. (Dex +2, Stealth) [demonic ancestry]
  2495 | D:4      | Reached XP level 6. HP: 49/49 MP: 6/6
  2498 | D:4      | Noticed Blork the orc
  2513 | D:4      | Killed Blork the orc
  2548 | D:4      | Reached *** piety under Trog
  2719 | D:4      | Got a slimy mace
  2721 | D:4      | Identified the +5 mace "Hiurr" {crush, rElec rPois Dex+4 Stlth-} (You found it on level 4 of the Dungeon)
  2763 | D:4      | Noticed Duvessa
  2763 | D:4      | Noticed Dowan
  2782 | D:4      | Killed Duvessa
  2782 | D:4      | Reached skill level 5 in Fighting
  2782 | D:4      | Reached XP level 7. HP: 32/56 MP: 7/7
  2788 | D:4      | Killed Dowan
  3007 | D:4      | Found a runed door.
  3885 | D:4      | Noticed Crazy Yiuf
  3888 | D:4      | Killed Crazy Yiuf
  3924 | D:5      | Entered Level 5 of the Dungeon
  3924 | D:5      | Found a bloodstained altar of Trog.
  4025 | D:5      | Reached XP level 8. HP: 59/64 MP: 8/8
  4234 | D:5      | Received a gift from Trog
  4584 | D:5      | Found a bloodstained altar of Trog.
  4671 | D:5      | Found Mush's Assorted Antiques.
  4674 | D:5      | Bought a scroll labeled HAOGITR BIEPOE for 33 gold pieces
  4674 | D:5      | Bought a scroll labeled PAYLLO BUUW for 33 gold pieces
  5056 | D:6      | Found Irarem's Gadget Shop.
  5670 | D:6      | Noticed Edmund
  5675 | D:6      | Killed Edmund
  5675 | D:6      | Reached skill level 1 in Evocations
  5793 | D:7      | Found a staircase to the Ecumenical Temple.
  5957 | D:7      | Reached **** piety under Trog
  6032 | D:7      | Gained mutation: You have hooves in place of feet. [demonic ancestry]
  6032 | D:7      | Reached XP level 9. HP: 61/73 MP: 10/10
  6092 | D:7      | Found Ahim's General Store.
  6097 | D:7      | Bought a scroll of magic mapping for 52 gold pieces
  6296 | D:7      | Found an iron altar of Okawaru.
  6543 | D:8      | Noticed a centaur warrior
  6559 | D:8      | Found a large runed door.
  6561 | D:8      | Killed a centaur warrior
  6562 | D:8      | Found a large runed door.
  6844 | D:8      | Reached skill level 5 in Evocations
  7448 | D:8      | Reached XP level 10. HP: 79/83 MP: 13/13
  7463 | D:8      | Found a shadowy altar of Dithmenos.
  7466 | D:8      | Found a shimmering altar of Xom.
  7466 | D:8      | Noticed a deep elf archer
  7471 | D:8      | Killed a deep elf archer
  7471 | D:8      | Reached skill level 10 in Long Blades
  7755 | D:9      | Found a glowing silver altar of Zin.
  7917 | D:9      | Reached ***** piety under Trog
  8120 | D:9      | Noticed Prince Ribbit
  8124 | D:9      | Killed Prince Ribbit
  8309 | D:10     | Entered Level 10 of the Dungeon
  8337 | D:10     | Reached skill level 10 in Fighting
  8749 | D:10     | Noticed Grum
  8760 | D:10     | Killed Grum
  9408 | D:10     | Noticed a purple ugly thing
  9416 | D:10     | Killed a green ugly thing
  9740 | D:11     | Reached XP level 11. HP: 89/93 MP: 14/14
 10254 | D:11     | Noticed a four-headed hydra
 10263 | D:11     | Killed a seven-headed hydra
 10399 | D:11     | Noticed an unseen horror
 10410 | D:11     | Killed an unseen horror
 10450 | D:11     | Noticed a two-headed ogre
 10774 | D:11     | Found a staircase to the Lair.
 11050 | D:11     | Received a gift from Trog
 11428 | D:12     | Found a staircase to the Orcish Mines.
 11516 | D:12     | Noticed a two-headed ogre
 11533 | D:12     | Killed a two-headed ogre
 11762 | D:12     | Gained mutation: You have a moderately thin skeletal structure. (Dex +4, Stealth+) [demonic ancestry]
 11762 | D:12     | Reached XP level 12. HP: 57/103 MP: 5/15
 11805 | D:12     | Noticed Nergalle
 11827 | D:12     | Killed Nergalle
 12594 | D:13     | Noticed Urug
 12623 | D:13     | Killed Urug
 12968 | D:13     | Noticed a fire dragon
 12976 | D:13     | Killed a fire dragon
 13013 | D:13     | Got a vibrating silver ring
 13018 | D:13     | Identified the ring "Orgheex" {rC- rN++ MR+ MP+9 Slay+3} (You took it off a centaur on level 13 of the Dungeon)
 13100 | D:13     | Noticed a centaur warrior
 13104 | D:13     | Killed a centaur warrior
 13403 | D:13     | Received a gift from Trog
 13476 | D:13     | Noticed a two-headed ogre
 13496 | D:13     | Killed a two-headed ogre
 13496 | D:13     | Reached skill level 5 in Armour
 14241 | D:13     | Noticed a tengu warrior
 14265 | D:13     | Killed a tengu warrior
 14718 | D:14     | Noticed a two-headed ogre
 14725 | D:14     | Killed a two-headed ogre
 15070 | D:14     | Noticed a four-headed hydra
 15071 | D:14     | Noticed Agnes
 15079 | D:14     | Killed a seven-headed hydra
 15080 | D:14     | Mangled by Agnes

Vault maps used:
D:1:      dpeg_arrival_houses_and_road, minmay_split_cup_large
D:2:      chequers_ecumenical_altar_simple
D:3:      minitemple, nicolae_dithmenos_through_a_glass_darkly,
          yredelemnul_altar_generic, first_ration, kennysheep_generic_room_6
D:4:      hangedman_abyss_or_decor_stabs, guppyfry_early_orc_mine,
          uniq_blork_the_orc, uniq_duvessa, uniq_crazy_yiuf_cottage
D:5:      basic_altar, serial_shops, kennysheep_mini_moat, minivault_11
D:6:      minmay_klotski, serial_shops, shop_fountains, serial_undead,
          serial_undead_a, serial_undead_e, serial_undead_a, serial_undead_e,
          uniq_edmund
D:7:      okawaru_gym_becter, minmay_temple_entry_butterflies, serial_shops,
          kennysheep_little_box, the_bakery
D:8:      jmf_multi_god_temple2
D:9:      zin_academy, uniq_prince_ribbit1
D:10:     uniq_grum
D:11:     erik_lair_orcish_takeover, minivault_1
D:12:     zombieorc2_lemuel, uniq_nergalle
D:13:     eino_tiny_chamber, uniq_urug
D:14:     david_vaults_5, basic_altar, uniq_rupert, uniq_agnes

Skill      XL: |  1  2  3  4  5  6  7  8  9 10 11 12 |
---------------+-------------------------------------+-----
Long Blades    | 3 4 5 6 7 8 9 11 12 13 | 13.4
Fighting       | 4 5 6 7 9 11 12 13 | 13.7
Armour         | 2 3 6 |  6.2
Dodging        | 2 |  2.9
Evocations     | 2 5 |  5.0

Action                   |  1- 3 |  4- 6 |  7- 9 | 10-12 || total
-------------------------+-------+-------+-------+-------++-------
Melee: Falchion          |   100 |     2 |       |   208 ||   310
       Kick              |    27 |    39 |    76 |   197 ||   339
       Dagger            |       |    82 |       |       ||    82
       Mace              |       |    18 |   172 |    52 ||   242
       Short sword       |       |       |    50 |       ||    50
       Long sword        |       |       |    22 |       ||    22
       Great sword       |       |       |       |   220 ||   220
Throw: Javelin           |       |       |       |    13 ||    13
       Tomahawk          |       |       |       |     4 ||     4
Invok: Berserk           |       |     2 |     4 |     6 ||    12
       Trog's Hand       |       |     1 |       |     4 ||     5
       Burn Spellbooks   |       |       |     4 |     1 ||     5
       Brothers in Arms  |       |       |       |     2 ||     2
Evoke: Wand              |       |       |       |     1 ||     1
  Use: Scroll            |       |     2 |     4 |     3 ||     9
       Potion            |       |     2 |     1 |     4 ||     7
 Stab: Sleeping          |     1 |       |       |       ||     1
       Distracted        |       |       |     1 |     2 ||     3
  Eat: Chunk             |     2 |     5 |    13 |    21 ||    41
       Ration            |       |       |     2 |     5 ||     7
Armor: Animal skin       |     7 |       |       |       ||     7
       Scale mail        |    16 |    35 |    11 |       ||    62
       Plate armour      |       |       |   150 |   245 ||   395
Dodge: Dodged            |    54 |    41 |    89 |   147 ||   331
Block: Other             |       |     4 |    33 |    21 ||    58
       Reflection        |       |       |     2 |     4 ||     6
       Buckler           |       |       |       |    54 ||    54
       Rpst.: Falchion   |    16 |       |       |    11 ||    27
       Long sword        |       |       |     3 |       ||     3
       Great sword       |       |       |       |    18 ||    18

Table legend:
 A = Spawn XP
 B = Non-spawn XP
 C = Spawn XP percentage of total XP
 D = Spawn monster count
 E = Non-spawn monster count
 F = Spawn count percentage of total count
 G = Total turns spent on level
                    A         B        C        D         E        F      G
               +---------+---------+-------+---------+---------+-------+---------
         Total |       0 |   36555 |   0.0 |       0 |     369 |   0.0 | 15080
               +---------+---------+-------+---------+---------+-------+---------
           D:1 |       0 |      40 |   0.0 |       0 |      23 |   0.0 |   970
           D:2 |       0 |      64 |   0.0 |       0 |      17 |   0.0 |   778
           D:3 |       0 |     108 |   0.0 |       0 |      24 |   0.0 |   679
           D:4 |       0 |    1082 |   0.0 |       0 |      30 |   0.0 |  1497
           D:5 |       0 |     358 |   0.0 |       0 |      18 |   0.0 |  1129
           D:6 |       0 |     734 |   0.0 |       0 |      23 |   0.0 |   820
           D:7 |       0 |     831 |   0.0 |       0 |      18 |   0.0 |   530
           D:8 |       0 |    3376 |   0.0 |       0 |      33 |   0.0 |  1333
           D:9 |       0 |     489 |   0.0 |       0 |       6 |   0.0 |   826
          D:10 |       0 |    3845 |   0.0 |       0 |      34 |   0.0 |  1111
          D:11 |       0 |    8481 |   0.0 |       0 |      48 |   0.0 |  1697
          D:12 |       0 |    4306 |   0.0 |       0 |      55 |   0.0 |   931
          D:13 |       0 |    8389 |   0.0 |       0 |      26 |   0.0 |  2238
          D:14 |       0 |    4452 |   0.0 |       0 |      14 |   0.0 |   541
               +---------+---------+-------+---------+---------+-------+---------
